 Dungeon Crawl Stone Soup version 0.25.0-3-gd7cc5688da (webtiles) character file.

Game seed: 16025769625445712958

207 Froggeryz the Cudgeler (level 5, 0/32 HPs)
             Began as a Gargoyle Monk on June 15, 2020.
             Slain by an iguana (7 damage)
             ... on level 4 of the Dungeon.
             The game lasted 00:02:46 (2287 turns).

Froggeryz the Cudgeler (Gargoyle Monk)              Turns: 2287, Time: 00:02:46

Health: 0/32       AC: 10    Str: 15    XL:     5   Next: 85%
Magic:  5/5        EV: 11    Int: 11    God:
Gold:   222        SH:  4    Dex: 12    Spells: 4/4 levels left

rFire    + . .     SeeInvis .   a - +0 mace
rCold    + . .     Gourm    .   l - +0 buckler
rNeg     + . .     Faith    .   f - +0 ring mail
rPois    ∞         Spirit   .   (no helmet)
rElec    +         Reflect  .   (no cloak)
rCorr    .         Harm     .   k - +0 pair of gloves
MR       .....                  (no boots)
Stlth    +.........             (no amulet)
HPRegen  0.10/turn              j - ring of protection from cold
MPRegen  0.09/turn              m - ring of protection from fire

@: no status effects
A: negative energy resistance 1, electricity resistance, unbreathing,
petrification resistance, rot immunity, AC +4
a: no special abilities


You were on level 4 of the Dungeon.
You were not hungry.

You visited 1 branch of the dungeon, and saw 4 of its levels.

You collected 222 gold pieces.

Inventory:

Hand Weapons
 a - a +0 mace (weapon)
Armour
 f - a +0 ring mail (worn)
 k - a +0 pair of gloves (worn)
 l - a +0 buckler (worn)
Jewellery
 j - a ring of protection from cold (left hand)
 m - a ring of protection from fire (right hand)
Scrolls
 b - 2 scrolls of immolation {unknown}
 d - 6 scrolls of identify {unknown}
 e - 2 scrolls of fog {unknown}
 g - a scroll of enchant weapon {unknown}
 h - 2 scrolls of remove curse {unknown}
 n - a scroll of noise {unknown}
 o - 2 scrolls of magic mapping {unknown}
 r - a scroll of blinking {unknown}
 t - 2 scrolls of teleportation {unknown}
 u - a scroll of fear {unknown}
Potions
 p - a potion of berserk rage {unknown}
 q - a potion of stabbing {unknown}
 s - a potion of curing {unknown}
Comestibles
 c - 5 rations


   Skills:
 - Level 3.2 Fighting
 + Level 5.5 Maces & Flails
 - Level 2.4 Dodging
 - Level 2.1 Stealth
 * Level 3.0 Shields


You had 4 spell levels left.
You didn't know any spells.
Your spell library was empty.

Dungeon Overview and Level Annotations

Branches:
Dungeon (4/15)
 Temple: D:4-7

Altars:


Innate Abilities, Weirdness & Mutations

You are resistant to torment.
Your stone body is resilient. (AC +4)
You are immune to poison.
You resist negative energy. (rN+)
You are resistant to electric shocks. (rElec)
You can survive without breathing.
You are immune to petrification.
You are immune to rotting.


Message History

You hit the worker ant.
You kill the worker ant!
Your Shields skill increases to level 3!
You barely miss the iguana. The iguana bites you. The iguana bites you!
* * * LOW HITPOINT WARNING * * *
You are too injured to fight recklessly!
You are too injured to fight recklessly!
You are too injured to fight recklessly!
You are too injured to fight recklessly!
You are too injured to fight recklessly!
You are too injured to fight recklessly!
You are too injured to fight recklessly!
You are too injured to fight recklessly!
You are too injured to fight recklessly!
You are too injured to fight recklessly!
You are too injured to fight recklessly!
You are too injured to fight recklessly!
You are too injured to fight recklessly!
You closely miss the iguana. The iguana bites you!
You die...

#...........
#.......#
#$#<..#.....
###.#.####
#...#.#
###.#.#####
#...#......
#.##...######
#.......l@..#
####...####.#
#...# # #####


You could see an iguana.

Vanquished Creatures
  A jelly (D:2)
  Jessica (D:2)
  2 worker ants (D:4)
  2 adders (D:2)
  3 worms
  A dart slug (D:1)
  4 leopard geckos
  2 ball pythons (D:3)
  4 giant cockroaches
  7 goblins
  9 hobgoblins
  4 jackals (D:2)
  6 kobolds
  3 quokkas
  12 bats
  7 frilled lizards
  9 rats
77 creatures vanquished.

Notes
Turn   | Place    | Note
-------+----------+-------------------------------------------
     0 | D:1      | Froggeryz the Gargoyle Monk began the quest for the Orb.
     0 | D:1      | Reached XP level 1. HP: 14/14 MP: 1/1
    83 | D:1      | Reached XP level 2. HP: 11/19 MP: 2/2
   359 | D:1      | Reached skill level 4 in Maces & Flails
   429 | D:1      | Reached XP level 3. HP: 22/23 MP: 3/3
   874 | D:2      | Reached XP level 4. HP: 5/28 MP: 4/4
  1232 | D:2      | Noticed Jessica
  1239 | D:2      | Killed Jessica
  1239 | D:2      | Reached skill level 5 in Maces & Flails
  1321 | D:2      | Reached skill level 1 in Shields
  1347 | D:2      | Reached XP level 5. HP: 24/32 MP: 5/5
  2287 | D:4      | Slain by an iguana

Illustrated notes

Levels and vault maps discovered:
D:1:      dpeg_arrival_pits, layout_loops_ring, wad_floor_pattern_1
D:2:      layout_basic, first_ration, minmay_misc_feat_room,
          corexii_corridor_pit, uniq_jessica
D:3:      layout_basic
D:4:      layout_basic, uniq_eustachio

Skill      XL: |  1  2  3  4  5 |
---------------+----------------+-----
Maces & Flails | 4 5 |  5.5
Shields        | 1 3 |  3.0
Fighting       | |  3.2
Dodging        | |  2.4
Stealth        | |  2.1

Action                   |  1- 3 |  4- 6 || total
-------------------------+-------+-------++-------
Melee: Mace              |   104 |   216 ||   320
  Use: Potion            |     1 |       ||     1
 Stab: Distracted        |     1 |       ||     1
  Eat: Chunk             |       |     5 ||     5
Armor: Robe              |    22 |       ||    22
       Ring mail         |    37 |   154 ||   191
Dodge: Dodged            |    70 |   191 ||   261
Block: Buckler           |       |    34 ||    34
